 Dungeon Crawl Stone Soup version 0.28.0-45-g0d030f2227 (webtiles) character file.

Game seed: 7937314693105562402

39 powzer the Chopper (level 3, -6/33 HPs)
             Began as a Minotaur Berserker on Apr 19, 2022.
             Was a Believer of Trog.
             Killed from afar by Natasha (8 damage)
             ... with a magic dart
             ... on level 2 of the Dungeon.
             The game lasted 00:09:18 (686 turns).

powzer the Chopper (Minotaur Berserker)              Turns: 686, Time: 00:09:19

Health: -6/33      AC:  0    Str: 21    XL:     3   Next: 28%
Magic:  2/2        EV: 19    Int:  4    God:    Trog [**....]
Gold:   52         SH:  0    Dex: 16    Spells: 2/2 levels left

rFire   . . .      SeeInvis .   (weapon currently unavailable)
rCold   . . .      Faith    .   (shield currently unavailable)
rNeg    . . .      Spirit   .   (armour currently unavailable)
rPois   .          Reflect  .   (helmet currently unavailable)
rElec   .          Harm     .   (cloak currently unavailable)
rCorr   .          Rampage  .   (gloves currently unavailable)
Will    .....                   (boots currently unavailable)
Stlth   +.........              (no amulet)
HPRegen 0.11/turn               (ring currently unavailable)
MPRegen 0.08/turn               (ring currently unavailable)

@: lethally poisoned (-6 -> -7), bat-form, flying, very quick
A: fast, flying, no casting, tiny, (horns 2), (retaliatory headbutt)
a: Renounce Religion, Berserk, Trog's Hand


You were on level 2 of the Dungeon.
You worshipped Trog.
Trog was pleased with you.
You were a bat.
You visited 1 branch of the dungeon, and saw 2 of its levels.

You collected 52 gold pieces.

Inventory:

Hand Weapons
 a - a +0 hand axe (melded)
Missiles
 e - 16 bolts
 h - 31 arrows
 j - 2 throwing nets (quivered)
 k - 47 stones
Armour
 i - a +0 chain mail (melded)
Jewellery
 d - a ring of fire (melded)
Scrolls
 b - 2 scrolls of torment {unknown}
 c - a scroll of enchant armour {unknown}
 f - 2 scrolls of identify {unknown}
 l - a scroll of immolation {unknown}
 n - a scroll of fear {unknown}
Potions
 m - a potion of berserk rage {unknown}


   Skills:
 + Level 4.2 Fighting
 + Level 4.3 Axes
 * Level 2.8 Armour
 + Level 2.5 Dodging


You had 2 spell levels left.
You didn't know any spells.
Your spell library was empty.

Dungeon Overview and Level Annotations

Branches:
Dungeon (2/15)

Altars:

Annotations:
D:2 Natasha


Innate Abilities, Weirdness & Mutations

You are a bat.
You are tiny and dextrous.
You move quickly.
You are flying.
Your equipment is almost entirely melded.
You are incapable of wielding weapons or throwing items.
You cannot cast spells.
((You have a pair of horns on your head.))
((You reflexively headbutt those who attack you in melee.))


Message History

You hit the adder. You headbutt the adder.
The adder is heavily wounded.
The adder bites you but does no damage. The adder bites you.
You are poisoned.
The adder poisons you!
You closely miss the adder.
The adder is heavily wounded.
You feel sick. The adder bites you.
You are more poisoned.
The adder poisons you!
You barely miss the adder.
The adder is heavily wounded.
You feel sick. The adder bites you. The adder completely misses you.
You hit the adder. You headbutt the adder.
You kill the adder!
Trog accepts your kill.
You feel sick.
You hit Natasha. You punch Natasha.
Natasha is heavily wounded.
You feel sick.
Natasha zaps a wand.
You turn into a bat.
Your +0 hand axe melds into your body.
Your +0 chain mail melds into your body.
Your ring of fire melds into your body.
You hit Natasha but do no damage.
Natasha is heavily wounded.
You feel sick. Natasha claws you. The shadow imp puffs mist at you.
You feel sick.
You hit Natasha.
Natasha is heavily wounded.
You feel sick. Natasha casts a spell at you. The magic dart hits you!
* * * LOW HITPOINT WARNING * * *
It was a potion of lignification.
You feel woody for a moment.
* * * LOW HITPOINT WARNING * * *
You feel sick.
Natasha stares at you and mumbles some strange words.
The magic dart hits you!
You die...

#.# ... #.# #.. #.# #.# #####
###.#######.# #### #....
###.........#!# ......#.##.##
#.....<...#.#.##$.###>......##
####.#.#.....#.#h5.......#....†.<
.....†........†..(..........#..##
####.#.#..#..#..b......... #..#
#.#.#.................##.#>.#
#.#.#....................#..#
#.#)##.#.#...............#..#
#.#......................†..##
#.####.#.#.........#.....#....
#.#..#.#.#....^..............#
#.#..#........†....#.##......#
#.#..............†..>........#


You could see Natasha and a shadow imp (summoned).

Vanquished Creatures
  An adder (D:2)
  2 dart slugs
  3 bats
  2 endoplasms (D:1)
  3 giant cockroaches
  3 goblins (D:1)
  A hobgoblin (D:1)
  2 jackals (D:1)
  2 quokkas (D:2)
  3 ball pythons
  A frilled lizard (D:1)
  A rat (D:2)
24 creatures vanquished.

Notes
Turn   | Place    | Note
-------+----------+-------------------------------------------
     0 | D:1      | powzer the Minotaur Berserker began the quest for the Orb.
     0 | D:1      | Reached XP level 1. HP: 19/19 MP: 0/0
     2 | D:1      | Noticed an ogre
     4 | D:1      | Noticed a naga
    11 | D:1      | Noticed a minotaur
    11 | D:1      | Noticed a merfolk
    13 | D:1      | Noticed a dwarf
    15 | D:1      | Noticed a gargoyle
    15 | D:1      | Noticed a spriggan
    17 | D:1      | Noticed a human
    17 | D:1      | Noticed a tengu
    19 | D:1      | Noticed a draconian
    19 | D:1      | Noticed a vine stalker
    21 | D:1      | Noticed an octopode
    21 | D:1      | Noticed a formicid
    23 | D:1      | Noticed an elf
    23 | D:1      | Noticed a vampire
    25 | D:1      | Noticed a demigod
    25 | D:1      | Noticed a ghoul
    27 | D:1      | Noticed a felid
    27 | D:1      | Noticed a troll
    29 | D:1      | Noticed a demonspawn
   291 | D:1      | Reached XP level 2. HP: 26/27 MP: 1/1
   561 | D:2      | Reached ** piety under Trog
   645 | D:2      | Reached XP level 3. HP: 33/33 MP: 2/2
   672 | D:2      | Noticed Natasha
   686 | D:2      | Killed from afar by Natasha

Illustrated notes

Levels and vault maps discovered:
D:1:      kb_arrival_jail, layout_rooms
D:2:      layout_basic, basic_altar, uniq_natasha, uniq_jessica

Skill      XL: |  1  2 |
---------------+-------+-----
Fighting       | 4 |  4.2
Axes           | 4 |  4.3
Armour         | |  2.8
Dodging        | |  2.5

Action                   || total
-------------------------++-------
Melee: Hand axe          ||    43
       Headbutt          ||    11
       Unarmed           ||     2
       Punch             ||     1
  Use: Potion            ||     1
Armor: Chain mail        ||    15
       Animal skin       ||     1
Dodge: Dodged            ||    21
